AoeStats
← Lerim1403

Black Forest

505621669Analyzed
2v2 RM · 22d ago on Sep 10, 2026· 54m 39s· 4 players
Game mode
Random Map
Map size
Medium (4 player)
Population
200
Speed
Normal
Resources
Standard
Victory
Conquest
Starting age
Dark Age
Ending age
Imperial Age
RankedLock teamsTeams togetherTeam positionsShared explorationLock speedFull tech treeHidden civsTurbo modeCheats
Victory
Defeat
🇹🇷 Franks · Türkiye
623
+14
🇹🇷 Malay · Türkiye
562
+17
🇬🇧 Franks · United Kingdom
642
-18
🇷🇴 Bulgarians · Romania
520
-13
Margaery Tyrell
2:09 Loom
12:58 Feudal Age
14:55 Wheelbarrow
16:23 Scale Barding Armor
17:01 Gold Mining
18:48 Double-Bit Axe
20:38 Town Watch
25:02 Stone Mining
27:14 Castle Age
26:33 Arson
27:00 Scale Mail Armor
27:11 Forging
27:07 Padded Archer Armor
29:26 Hand Cart
29:12 Town Patrol
30:13 Town Patrol
31:07 Chain Barding Armor
31:54 Bow Saw
32:21 Gold Shaft Mining
32:37 Husbandry
33:53 Caravan
42:14 Imperial Age
41:20 Iron Casting
41:02 Chain Mail Armor
42:26 Cavalier
47:11 Chemistry
46:33 Paladin
49:56 Squires
49:16 Pikeman
51:25 Ballistics
51:18 Masonry
51:24 Masonry
51:29 Siege Engineers
51:16 Arrowslits
51:00 Halberdier
53:58 Chivalry
54:38 Hoardings
ömfo44
2:25 Loom
13:21 Feudal Age
13:15 Double-Bit Axe
13:48 Horse Collar
21:38 Man-at-Arms
30:34 Castle Age
39:31 Husbandry
40:28 Wheelbarrow
39:38 Town Watch
43:18 Hand Cart
joshuavletten
2:53 Loom
11:57 Feudal Age
13:09 Double-Bit Axe
24:08 Castle Age
21:57 Man-at-Arms
22:25 Arson
25:26 Stone Mining
26:10 Gambesons
27:26 Gold Mining
30:43 Light Cavalry
31:23 Husbandry
33:52 Gold Shaft Mining
36:22 Bow Saw
41:28 Padded Archer Armor
41:48 Scale Barding Armor
42:49 #83
43:30 Scale Mail Armor
43:45 Leather Archer Armor
43:22 Fletching
Lerim1403
7:01 Loom
16:18 Feudal Age
16:46 Town Watch
16:45 Horse Collar
16:53 Double-Bit Axe
23:05 Fletching
30:55 Castle Age
29:36 Gold Mining
29:39 Stone Mining
32:57 Wheelbarrow
32:23 Town Patrol
32:25 Heavy Plow
32:14 Gambesons
32:29 Squires
32:14 Arson
32:43 Forging
32:29 Bodkin Arrow
32:35 Scale Mail Armor
33:57 Bow Saw
34:12 Husbandry
36:22 Elite Skirmisher
37:15 Bloodlines
38:14 Scale Barding Armor
39:00 Light Cavalry
40:29 Caravan
41:13 Fervor
41:36 Masonry
41:23 Pikeman
43:36 Chain Mail Armor
43:56 Iron Casting
44:25 Hand Cart
44:34 Ballistics
46:04 Stirrups
53:54 Imperial Age
Connection lost

Rejoining the realm…

Still unreachable

The connection could not be restored.

Session expired

The server has moved on; the page needs a fresh start.